 Dungeon Crawl Stone Soup version 0.21-a0-522-ga8338f0 (webtiles) character file.

121 slep the Chopper (level 4, 0/34 HPs)
             Began as a Demonspawn Gladiator on Dec 6, 2017.
             Slain by a bat (1 damage)
             ... on level 3 of the Dungeon.
             The game lasted 00:05:28 (1386 turns).

slep the Chopper (Demonspawn Gladiator)             Turns: 1386, Time: 00:05:31

Health: 0/34       AC: 10    Str: 14    XL:     4   Next: 76%
Magic:  4/4        EV: 10    Int: 10    God:
Gold:   51         SH:  0    Dex: 15    Spells: 3/3 levels left

rFire    . . .     SeeInvis .   a - +0 war axe
rCold    . . .     Gourm    .   (no shield)
rNeg     . . .     Faith    .   e - +0 scale mail (curse)
rPois    .         Spirit   .   c - +0 helmet
rElec    .         Reflect  .   (no cloak)
rCorr    .         Harm     .   j - +0 pair of gloves
MR       .....                  (no boots)
Stlth    ..........             (no amulet)
HPRegen  0.11/turn              i - ring of flight
MPRegen  0.09/turn              (no ring)

@: no status effects
A: hooves 1, icy blue scales 1
a: Evoke Flight


You were on level 3 of the Dungeon.
You were hungry.

You visited 1 branch of the dungeon, and saw 3 of its levels.

You collected 51 gold pieces.

Inventory:

Hand Weapons
 a - a +0 war axe (weapon)
Missiles
 d - 3 throwing nets (quivered)
 q - 7 javelins of returning
Armour
 b - a +0 leather armour
 c - a +0 helmet (worn)
 e - a cursed +0 scale mail (worn)
 j - a +0 pair of gloves (worn)
Jewellery
 i - a ring of flight (left hand)
Scrolls
 g - a scroll of enchant weapon {unknown}
 h - 4 scrolls of identify {unknown}
 l - a scroll of enchant armour {unknown}
 m - 2 scrolls of blinking {unknown}
 o - a scroll of remove curse {unknown}
 r - a scroll of fog {unknown}
Potions
 k - a potion of resistance {unknown}
 n - a potion of might {unknown}
Comestibles
 f - 5 bread rations


   Skills:
 + Level 2.6 Fighting
 + Level 4.1 Axes
 + Level 1.8 Throwing
 + Level 1.0 Armour
 + Level 3.1 Dodging
 + Level 0.7 Stealth


You had 3 spell levels left.
You didn't know any spells.

Dungeon Overview and Level Annotations

Branches:
Dungeon (3/15)

Altars:
Xom


Innate Abilities, Weirdness & Mutations

You have large cloven feet.
You are partially covered in icy blue scales. (AC +2)


Message History

Your scale mail prevents you from hitting the gnoll.
You kick the gnoll, but do no damage. You slash the gnoll!
The bat hits you but does no damage. The gnoll barely misses you.
The gnoll hits you with a halberd of freezing!
The gnoll freezes you.
A rat comes into view.
You slash the gnoll!
The gnoll is almost dead.
You barely miss the gnoll. The bat closely misses you.
The gnoll hits you with a flail!
* * * LOW HITPOINT WARNING * * *
The gnoll completely misses you.
Your scale mail prevents you from hitting the gnoll.
You kick the gnoll.
You kill the gnoll!
You slash the gnoll!
You kill the gnoll!
Your Armour skill increases to level 1!
You completely miss the dart slug. The bat hits you.
You die...

. ##. . #.. ..
#######.# ..$
#.....#.# .r..
#.....#.# .....
#.....#.###......
#......)w......
#................
#......###.......
#.....## ##.....
####.## #.... #.#
#### #..


You could see a dart slug, a quokka, a bat and a rat.

Vanquished Creatures
  4 gnolls (D:3)
  2 adders (D:2)
  An ooze (D:1)
  A worm (D:2)
  A dart slug (D:1)
  4 leopard geckos
  3 bats
  5 giant cockroaches
  7 goblins
  2 hobgoblins
  4 jackals (D:2)
  4 kobolds
  2 quokkas (D:2)
  4 frilled lizards (D:1)
  5 rats
49 creatures vanquished.

Notes
Turn   | Place    | Note
-------+----------+-------------------------------------------
     0 | D:1      | slep the Demonspawn Gladiator began the quest for the Orb.
     0 | D:1      | Reached XP level 1. HP: 16/16 MP: 1/1
    85 | D:1      | Reached skill level 3 in Axes
    85 | D:1      | Gained mutation: You are partially covered in icy blue scales. (AC +2) [demonic ancestry]
    85 | D:1      | Reached XP level 2. HP: 17/22 MP: 2/2
   638 | D:2      | Gained mutation: You have large cloven feet. [demonic ancestry]
   638 | D:2      | Reached XP level 3. HP: 28/28 MP: 3/3
   932 | D:2      | Reached XP level 4. HP: 16/34 MP: 4/4
  1066 | D:2      | Found a shimmering altar of Xom.
  1379 | D:3      | Reached skill level 4 in Axes
  1385 | D:3      | HP: 1/34 [gnoll/flail (10)]
  1386 | D:3      | Reached skill level 1 in Armour
  1386 | D:3      | Slain by a bat

Vault maps used:
D:1:      lemuel_arrival_cross
D:2:      tgw_xom, kennysheep_crisscross
D:3:      chequers_ecumenical_altar_simple_redux

Skill      XL: |  1  2  3  4 |
---------------+-------------+-----
Axes           | 3 4 |  4.1
Dodging        | 3 |  3.1
Armour         | 1 |  1.0
Fighting       | |  2.6
Throwing       | |  1.8
Stealth        | |  0.7

Action                   |  1- 3 |  4- 6 || total
-------------------------+-------+-------++-------
Melee: War axe           |   139 |    28 ||   167
       Kick              |    16 |     8 ||    24
  Eat: Chunk             |       |     1 ||     1
Armor: Scale mail        |    79 |    15 ||    94
Dodge: Dodged            |    85 |    16 ||   101

Table legend:
 A = Spawn XP
 B = Non-spawn XP
 C = Spawn XP percentage of total XP
 D = Spawn monster count
 E = Non-spawn monster count
 F = Spawn count percentage of total count
 G = Total turns spent on level
                    A         B        C        D         E        F      G
               +---------+---------+-------+---------+---------+-------+---------
         Total |       0 |     173 |   0.0 |       0 |      49 |   0.0 |  1386
               +---------+---------+-------+---------+---------+-------+---------
           D:1 |       0 |      36 |   0.0 |       0 |      18 |   0.0 |   621
           D:2 |       0 |      77 |   0.0 |       0 |      25 |   0.0 |   750
           D:3 |       0 |      60 |   0.0 |       0 |       6 |   0.0 |    15
               +---------+---------+-------+---------+---------+-------+---------
